cohdb
Replays
Latest Replays
All Replays
Popular Replays
Top Player Replays
Match Explorer
How It Works
Community
CoH3 Stats
Reddit
Sign in to upload your games and track your stats! →
Sign in with Steam
Match 41123355
Unlisted
Match 41123355
Overview
Messages
Build Orders
End
Panzerpioneer Squad
250 Light Carrier
Panzergrenadier Squad
Construct Light Support Kompanie
MG34 Team
Combat Half-tracks
250 Light Carrier
Selects Italian Infantry
Selects Guastatori Squad
Selects L6/40 Light Tank Combat Group
Guastatori Squad
Construct Mechanized Kompanie
Guastatori Squad
Selects Towed Cannone da 105/28 Field Howitzer
Marder III Tank Destroyer
Veteran Squad Leaders
Selects Sound the Alarm
Towed Cannone da 105/28 Field Howitzer
Marder III Tank Destroyer
Selects Prepared Positions
Construct Panzerarmee Kommand
Marder III Tank Destroyer
Marder III Tank Destroyer
Selects Obice 305mm Barrage
Obice 305mm Barrage
Marder III Tank Destroyer
littleboots10
Shawmont
Bran
DrewP
0
0
Comments
sign in to comment!
No comments posted yet!